 Dungeon Crawl Stone Soup version 0.29-a0-817-g9904bce7a6 (webtiles) character file.

Game seed: 12934344848173425300

723 indigestion the Shield-Bearer (level 7, -10/60 HPs)
             Began as a Demigod Fighter on July 5, 2022.
             Mangled by a two-headed ogre
             ... wielding a +0 giant club
              (15 damage)
             ... on level 5 of the Dungeon.
             The game lasted 00:06:15 (4820 turns).

indigestion the Shield-Bearer (Demigod Fighter)     Turns: 4820, Time: 00:06:16

Health: -10/60     AC:  8    Str: 21    XL:     7   Next: 19%
Magic:  9/9        EV:  9    Int: 10    God:
Gold:   275        SH: 10    Dex: 17    Spells: 6/6 levels left

rFire   . . .      SeeInvis .   a - +0 war axe
rCold   . . .      Faith    .   c - +0 buckler
rNeg    . . .      Spirit   .   b - +0 scale mail
rPois   .          Reflect  +   (no helmet)
rElec   .          Harm     .   (no cloak)
rCorr   .          Rampage  .   r - +0 pair of gloves
Will    .....                   (no boots)
Stlth   ..........              e - amulet of reflection
HPRegen 0.20/turn               (no ring)
MPRegen 0.11/turn               (no ring)

@: no status effects
A: high MP 1, forlorn, divine attributes
a: no special abilities


You were on level 5 of the Dungeon.
You visited 1 branch of the dungeon, and saw 5 of its levels.

You collected 275 gold pieces.

Inventory:

Hand Weapons
 a - a +0 war axe (weapon)
Missiles
 m - 3 throwing nets (quivered)
Armour
 b - a +0 scale mail (worn)
 c - a +0 buckler (worn)
 r - a +0 pair of gloves (worn)
Jewellery
 e - an amulet of reflection (around neck)
 o - an amulet of guardian spirit
Scrolls
 d - 9 scrolls of identify
 f - 2 scrolls of noise {unknown}
 g - a scroll of fear {unknown}
 j - 2 scrolls of summoning {unknown}
 k - 3 scrolls of teleportation {unknown}
 l - a scroll of immolation {unknown}
 n - a scroll of amnesia {unknown}
 q - 2 scrolls of silence {unknown}
 t - a scroll of enchant armour {unknown}
Potions
 h - a potion of flight {unknown}
 i - 3 potions of curing
 p - a potion of mutation {unknown}
 s - a potion of lignification {unknown}


   Skills:
 + Level 4.5 Fighting
 + Level 4.0 Axes
 + Level 4.6 Armour
 + Level 4.6 Shields


You had 6 spell levels left.
You didn't know any spells.
Your spell library contained the following spells:

 Spells                   Type           Power      Damage    Failure   Level
 Iskenderun's Battlesphe  Conj           0%         2d6       100%        5
 Iron Shot                Conj/Erth      0%         9d1       100%        6
 Spellforged Servitor     Conj/Summ      0%         N/A       100%        7


Dungeon Overview and Level Annotations

Branches:
Dungeon (5/15)             Temple (0/1) D:4

Shops:
D:1 ?


Innate Abilities, Weirdness & Mutations

You have an increased reservoir of magic. (+10% MP)
You shall have no god before yourself.
Your divine heritage dramatically boosts your attributes as you level up.


Message History

The scorpion stings you but does no damage.
You slash the scorpion!
The scorpion is severely wounded.
The scorpion closely misses you.
You hit the scorpion.
You kill the scorpion!
You start resting.
HP restored.
You see here a scorpion corpse.
You pick up a book of Power and begin reading...
You add the spells Iskenderun's Battlesphere, Iron Shot and Spellforged Servitor to your library.
No target in view!
s - a sedimented coppery potion
Found an escape hatch in the ceiling.
t - a scroll labelled CIROOM SESONA
There are no items here.
Found a stone staircase leading down.
No target in view!
Found a stone staircase leading up.
There is a stone staircase leading up here.
Found an escape hatch in the floor.
A two-headed ogre comes into view. It is wielding two +0 giant clubs.
The two-headed ogre shouts in stereo!
You see here 12 gold pieces.
You now have 275 gold pieces (gained 12).
You slash the two-headed ogre!
The two-headed ogre is lightly wounded.
The two-headed ogre misses you.
The two-headed ogre hits you with a +0 giant club!
You slash the two-headed ogre!
The two-headed ogre is moderately wounded.
The two-headed ogre hits you with a +0 giant club! x2
You slash the two-headed ogre!
The two-headed ogre is heavily wounded.
You block the two-headed ogre's attack.
The two-headed ogre hits you with a +0 giant club!!
* * * LOW HITPOINT WARNING * * *
The two-headed ogre attacks as you move away!
The two-headed ogre hits you with a +0 giant club!
You die...

#.#### #.##..
#.##.# #.##.#
#.##.# #.##.#
#.#..##########.#
#..#.##..........
#.###..@O...###.#
#...#.##.#.#.#
...#... #.#.#..^
###...#. #.#.#
### ##.##.#....#
... ....#>.. ###
###. .## ...##


You could see a two-headed ogre.

Vanquished Creatures
  2 phantoms
  Blork the orc (D:5)
  2 scorpions
  3 hounds
  2 orc priests (D:3)
  4 gnolls (D:3)
  12 adders
  An ufetubus (D:4)
  4 worms
  3 dart slugs
  2 orcs (D:3)
  5 endoplasms
  9 goblins
  7 hobgoblins
  3 jackals
  4 quokkas
  12 ball pythons
  3 bats
  2 frilled lizards (D:1)
  4 kobolds
  8 rats
93 creatures vanquished.

Notes
Turn   | Place    | Note
-------+----------+-------------------------------------------
     0 | D:1      | indigestion the Demigod Fighter began the quest for the
                  | Orb.
     0 | D:1      | Reached XP level 1. HP: 18/18 MP: 3/3
   410 | D:1      | Reached XP level 2. HP: 22/25 MP: 4/4
  1031 | D:1      | Found Meadd's Magic Scroll Emporium.
  1199 | D:2      | Reached XP level 3. HP: 31/31 MP: 5/5
  1419 | D:2      | Noticed a phantom
  1434 | D:2      | Killed a phantom
  1435 | D:2      | Reached XP level 4. HP: 24/38 MP: 6/6
  1776 | D:2      | Reached XP level 5. HP: 45/45 MP: 7/7
  2749 | D:3      | Reached XP level 6. HP: 19/52 MP: 8/8
  3406 | D:4      | Found a staircase to the Ecumenical Temple.
  4514 | D:4      | You fall into a shaft and drop 1 floor!
  4514 | D:5      | Entered Level 5 of the Dungeon
  4641 | D:5      | Noticed Blork the orc
  4651 | D:5      | Killed Blork the orc
  4652 | D:5      | Reached XP level 7. HP: 60/60 MP: 9/9
  4811 | D:5      | Noticed a two-headed ogre
  4820 | D:5      | Mangled by a two-headed ogre

Illustrated notes

Levels and vault maps discovered:
D:1:      psy_arrival_spokes, layout_basic, serial_shops, shop_fountains,
          minmay_quantized
D:2:      layout_rooms, nicolae_ecumenical_snake_handling
D:3:      layout_basic, amcnicky_altar_gilded
D:4:      minmay_general_purpose_star, layout_loops_ring, zin_treasury,
          minmay_temple_entry_mini_moons, minmay_cut_off
D:5:      layout_loops_ring, nicolae_shop_sticking_my_neck_out,
          uniq_blork_the_orc

Skill      XL: |  1  2  3  4  5  6 |
---------------+-------------------+-----
Axes           | 2 3 4 |  4.0
Armour         | 3 4 |  4.6
Shields        | 3 4 |  4.6
Fighting       | 3 4 |  4.5

Action                   |  1- 3 |  4- 6 |  7- 9 || total
-------------------------+-------+-------+-------++-------
Melee: War axe           |   105 |   182 |     9 ||   296
  Use: Potion            |     1 |       |       ||     1
       Scroll            |       |     1 |       ||     1
Armor: Scale mail        |    52 |    50 |     2 ||   104
Dodge: Dodged            |    41 |    81 |     4 ||   126
Block: Buckler           |    62 |    96 |     2 ||   160
       Reflection        |     1 |     1 |       ||     2

Table legend: (Time is in decaauts)
 A = Elapsed time spent in this place.
 B = Non-inter-level travel time spent in this place.
 C = Inter-level travel time spent in this place.
 D = Time resting spent in this place.
 E = Time spent auto-exploring this place.
 F = Levels seen in this place.
 G = Mean time per level.
                   A        B        C        D        E       F      G
               +--------+--------+--------+--------+--------+-----+--------+
         Total |   4938 |   4868 |     70 |   1103 |   3056 |   5 |  987.6 |
       Dungeon |   4938 |   4868 |     70 |   1103 |   3056 |   5 |  987.6 |
               +--------+--------+--------+--------+--------+-----+--------+

Top non-repeatable levels by time:
     D:3: 1311 daAuts
     D:1: 1224 daAuts
     D:4: 1126 daAuts
     D:2: 962 daAuts
     D:5: 313 daAuts
